 Dungeon Crawl Stone Soup version 0.27.1-37-g7b29ead8ac (console) character file.

Game seed: 17947661204238207529

73 grimtooth the Gusty (level 4, -2/24 HPs)
             Began as a Deep Elf Air Elementalist on Aug 12, 2023.
             Slain by a gnoll (3 damage)
             ... on level 3 of the Dungeon.
             The game lasted 00:04:21 (1898 turns).

grimtooth the Gusty (Deep Elf Air Elementalist)     Turns: 1898, Time: 00:04:21

Health: -2/24      AC:  3    Str:  3 (5)  XL:     4   Next: 8%
Magic:  7/10       EV: 12    Int: 19 (21) God:
Gold:   86         SH:  0    Dex: 14 (15) Spells: 8/9 levels left

rFire    . . .     SeeInvis .   n - +0 dagger (protect)
rCold    . . .     Faith    .   (no shield)
rNeg     . . .     Spirit   .   a - +0 robe
rPois    .         Reflect  .   (no helmet)
rElec    .         Harm     .   (no cloak)
rCorr    .         Rampage  .   m - +0 pair of gloves
Will     .....                  (no boots)
Stlth    ++........             (no amulet)
HPRegen  0.08/turn              (no ring)
MPRegen  0.12/turn              (no ring)

@: no status effects
A: no striking features
a: no special abilities


You were on level 3 of the Dungeon.
You visited 1 branch of the dungeon, and saw 3 of its levels.

You collected 86 gold pieces.

Inventory:

Hand Weapons
 n - a +0 dagger of protection (weapon)
Missiles
 e - 38 stones (quivered)
 f - 10 sling bullets
Armour
 a - a +0 robe (worn)
 m - a +0 pair of gloves (worn)
Jewellery
 d - an amulet of reflection
Scrolls
 b - 4 scrolls of teleportation {unknown}
 g - 2 scrolls of amnesia {unknown}
 j - a scroll of magic mapping {unknown}
 k - a scroll of summoning {unknown}
 l - 3 scrolls of identify {unknown}
 o - a scroll of fog {unknown}
 p - 2 scrolls of noise {unknown}


   Skills:
 - Level 2.4 Dodging
 - Level 2.4 Stealth
 - Level 3.0 Spellcasting
 + Level 2.5 Conjurations
 * Level 4.4 Air Magic


You had 8 spell levels left.
You knew the following spells:

 Your Spells              Type           Power      Damage    Failure   Level
a - Shock                 Conj/Air       64%        1d7       3%          1

Your spell library contained the following spells:

 Spells                   Type           Power      Damage    Failure   Level
 Static Discharge         Conj/Air       16%        N/A       5%          2
 Swiftness                Air            19%        N/A       8%          3
 Airstrike                Air            9%         N/A       24%         4


Dungeon Overview and Level Annotations

Branches:
Dungeon (3/15)

Altars:


Message History

Aiming: Shock (safe; 3% risk of failure)
Press: ? - help, Shift-Dir - straight line, p - gnoll The zap hits the gnoll.
The gnoll is severely wounded.
The zap misses the gnoll.
You feel very sick.
The gnoll hits you from afar with a +2 spear of venom.
You are lethally poisoned!
* * * LOW HITPOINT WARNING * * *
You feel very sick.
* * * LOW HITPOINT WARNING * * *
You feel very sick.
It was a potion of cancellation.
You feel magically purged.
* * * LOW HITPOINT WARNING * * *
You feel sick.
It was a potion of degeneration.
There was something very wrong with that liquid.
You feel weakened.
You feel dopey.
You feel clumsy.
* * * LOW HITPOINT WARNING * * *
You feel sick. The gnoll barely misses you. x2
It was a potion of curing.
You feel better. The gnoll hits you but does no damage.
You are poisoned.
The gnoll closely misses you.
* * * LOW HITPOINT WARNING * * *
You feel sick.
You see here a +0 war axe.
* * * LOW HITPOINT WARNING * * *
You feel sick. The gnoll closely misses you.
* * * LOW HITPOINT WARNING * * *
You feel sick. The gnoll completely misses you.
* * * LOW HITPOINT WARNING * * *
You feel sick.
* * * LOW HITPOINT WARNING * * *
You feel sick.
You are no longer poisoned.
Things that are here:
a +0 halberd; a +0 flail; a gnoll corpse The gnoll hits you from afar with a +2 spear of venom.
You die...

#.# #.# #.# #.#
#.# ##.##
#.###...####.#
#............#
#####...######
#.#..g...# ##
##.#)###g# ##.
##.## #g# ##.. ###
#.# # #... #@#
.#.#.##.#. #.#
..........
#.#############.##
#........>......#
#################


You could see 2 gnolls.

Vanquished Creatures
  2 gnolls (D:3)
  4 dart slugs
  3 ball pythons (D:1)
  An endoplasm (D:2)
  3 giant cockroaches
  8 goblins
  3 hobgoblins
  3 kobolds
  4 quokkas
  3 bats
  5 frilled lizards
  3 rats
42 creatures vanquished.

Notes
Turn   | Place    | Note
-------+----------+-------------------------------------------
     0 | D:1      | grimtooth the Deep Elf Air Elementalist began the quest for
                  | the Orb.
     0 | D:1      | Reached XP level 1. HP: 10/10 MP: 6/6
   146 | D:1      | Found a faded altar of an unknown god.
   183 | D:1      | Reached XP level 2. HP: 15/15 MP: 5/8
   611 | D:1      | Reached XP level 3. HP: 19/19 MP: 5/9
   981 | D:2      | Reached skill level 4 in Air Magic
  1839 | D:3      | Reached XP level 4. HP: 24/24 MP: 7/10
  1889 | D:3      | HP: 1/24 [poisoned by a gnoll]
  1895 | D:3      | HP: 1/24 [poisoned by a gnoll]
  1898 | D:3      | Slain by a gnoll

Illustrated notes

Levels and vault maps discovered:
D:1:      dpeg_arrival_arbitrary_b, layout_rooms, ebering_ecumenical_altar_hall
D:2:      layout_basic, kennysheep_generic_room_9
D:3:      layout_loops_ring, kennysheep_nondescript, grunt_decor_one_mirror

Skill      XL: |  1  2  3 |
---------------+----------+-----
Conjurations   | 2 |  2.5
Air Magic      | 4 |  4.4
Dodging        | |  2.4
Stealth        | |  2.4
Spellcasting   | |  3.0

Action                   |  1- 3 |  4- 6 || total
-------------------------+-------+-------++-------
 Cast: Shock             |    87 |     5 ||    92
  Use: Potion            |       |     3 ||     3
Armor: Robe              |     5 |     1 ||     6
Dodge: Dodged            |     4 |     5 ||     9
